Map: 에버 드림 - 래더

Players

Stats - Winner!

  • Race: Protoss Protoss
  • League: Master
  • Spawn Location: 7:00

Bunny

  • Race: Terran Terran
  • Spawn Location: 1:00

Event: StayAtHomestory Cup #2

VOD

Have the link to the VOD?

Description

Time

  • Played on: June 12, 2020, 12:17 p.m.
  • Length: 18:38

All games in this series

Show
View Real Time Build Order
Export as new Build Order

Stats Protoss - Winner!

Build Orders: 1 Gate Expand, Blink Stalkers, Colossus Rush 

Get SALT Encoding   

  12  0:00  Probe  
  13  0:13  Probe  
  14  0:17  Pylon  
  14  0:23  Probe  
  15  0:31  Probe  
  16  0:36  Gateway  
  16  0:39  Probe  
  16  0:45  Assimilator  
  17  0:51  Probe  
  18  1:03  Probe  
  19  1:15  Probe  
  20  1:23  Cybernetics Core  
  20  1:31  Nexus  
  20  1:35  Probe  
  21  1:41  Pylon  
  21  1:47  Assimilator  
  21  1:48  Probe  
  21  1:50  Adept  
  22  2:00  Probe  
  25  2:06  Shield Battery  
  25  2:08  Warp Gate  
  25  2:10  Stalker  
  25  2:12  Probe  
  28  2:24  Probe  
  29  2:33  Twilight Council  
  29  2:37  Probe  
  30  2:40  Probe  
  31  2:49  Probe  
  31  2:50  Probe  
  32  2:53  Robotics Facility  
  32  2:57  Blink  
  33  3:01  Probe  
  34  3:07  Probe  
  35  3:13  Probe  
  35  3:19  Probe  
  37  3:23  Gateway  
  37  3:25  Probe  
  38  3:28  Gateway  
  38  3:31  Probe  
  39  3:37  Probe  
  39  3:40  Gateway  
  40  3:41  Observer  
  41  3:48  Probe  
  41  3:49  Probe  
  41  3:51  Pylon  
  41  3:52  Assimilator  
  43  4:01  Probe x2, Pylon  
  45  4:09  Warp Prism  
  47  4:13  Probe x2  
  49  4:17  Stalker x2  
  49  4:21  Assimilator  
  53  4:24  Pylon  
  53  4:26  Stalker  
  53  4:30  Probe x2  
  57  4:33  Pylon  
  57  4:45  Observer  
  58  4:48  Observer  
  58  4:54  Stalker x4  
  66  5:01  Robotics Bay, Pylon  
  66  5:02  Probe x2  
  68  5:26  Stalker x3  
  68  5:27  Stalker  
  74  5:38  Colossus  
  74  5:42  Observer  
  70  5:49  Nexus  
  70  5:50  Pylon  
  70  5:52  Stalker  
  70  5:53  Stalker  
  80  5:57  Stalker  
  80  6:02  Probe x2  
  83  6:07  Extended Thermal Lance  
  83  6:08  Pylon  
  80  6:15  Probe x2  
  80  6:16  Colossus  
  82  6:27  Probe x2  
  82  6:32  Forge  
  90  6:40  Probe x2, Sentry x2, Zealot  
  90  6:41  Zealot  
  90  6:44  Protoss Ground Weapons Level 1  
  90  6:46  Gateway  
  98  6:48  Shield Battery  
  98  6:49  Pylon  
  98  6:56  Pylon  
  98  6:59  Gateway  
  98  7:00  Charge  
  98  7:02  Probe  
  98  7:03  Probe  
  98  7:04  Probe, Colossus  
  105  7:17  Probe x2  
  105  7:19  Probe  
  108  7:29  Probe, Assimilator  
  110  7:30  Probe, Assimilator  
  110  7:31  Probe  
  110  7:34  Gateway  
  110  7:35  Gateway  
  111  7:39  Sentry  
  111  7:40  Zealot x2  
  117  7:46  Zealot x2  
  109  7:55  Zealot  
  99  7:59  Warp Prism  
  99  8:04  Probe x3  
  104  8:12  Zealot x5  
  114  8:22  Probe x2  
  114  8:23  Probe  
  114  8:24  Forge  
  117  8:27  Gravitic Drive  
  117  8:29  Observer  
  117  8:32  Stalker x4  
  125  8:37  Templar Archives  
  126  8:42  Protoss Ground Weapons Level 2  
  126  8:46  Nexus, Protoss Ground Armor Level 1  
  126  8:49  Pylon  
  126  8:50  Observer  
  127  9:00  Zealot x3  
  133  9:04  Pylon  
  133  9:07  Shield Battery  
  133  9:14  Probe x3  
  136  9:19  Pylon  
  136  9:24  High Templar  
  136  9:25  Zealot x2, High Templar x3  
  146  9:37  Probe x3, Archon x2  
  145  9:40  Gateway  
  145  9:42  Dark Shrine  
  145  9:43  Gateway  
  140  9:46  Zealot, Robotics Facility  
  140  9:50  Zealot x2  
  140  9:52  Zealot  
  148  9:55  Disruptor  
  151  10:07  High Templar  
  151  10:08  Sentry x2, High Templar  
  151  10:11  Unknown  
  159  10:15  Zealot x4  
  159  10:16  Archon  
  159  10:20  Probe x2  
  159  10:21  Probe x2  
  165  10:23  Shield Battery, Disruptor  
  165  10:29  Observer  
  165  10:33  Disruptor  
  168  10:43  Nexus  
  168  10:46  Pylon x2  
  168  10:47  Shadow Stride, Pylon  
  168  10:48  Pylon  
  168  10:49  Pylon  
  170  10:58  Dark Templar  
  172  11:05  Dark Templar x2  
  172  11:07  Protoss Ground Armor Level 2, Protoss Ground Weapons Level 3  
  176  11:15  Stalker x4  
  176  11:17  Shield Battery  
  184  11:20  Photon Cannon  
  176  11:29  Disruptor  
  176  11:30  Disruptor  
  166  11:34  Zealot x4  
  174  11:40  Zealot x6  
  186  12:00  Dark Templar x4  
  194  12:05  Probe x2  
  194  12:06  Probe x3  
  194  12:07  Assimilator, Observer  
  200  12:10  Assimilator  
  200  12:13  Observer  
  159  12:38  Zealot x10  
  157  12:51  Warp Prism  
  157  12:52  Disruptor  
  142  12:59  Dark Templar x2  
  142  13:00  Dark Templar  
  142  13:02  Zealot x7  
  124  13:24  Dark Templar x2  
  124  13:25  Dark Templar x3  
  134  13:27  Sentry x2  
  134  13:31  Gateway x2  
  134  13:32  Gateway  
  138  13:35  Gateway  
  138  13:39  Dark Templar x3  
  142  13:51  Observer x2  
  142  13:54  Stalker x2  
  148  14:02  Stalker  
  148  14:03  Stalker x4  
  148  14:07  Gateway  
  148  14:09  Gateway  
  158  14:14  Stalker x3  
  156  14:25  Dark Templar  
  156  14:26  Dark Templar x2  
  156  14:27  Zealot x7  
  176  14:37  Cybernetics Core  
  176  14:40  Stargate  
  176  14:41  Nexus  
  176  14:42  Pylon  
  176  14:46  Zealot x2  
  176  14:47  Dark Templar x2  
  176  14:51  Observer x2  
  175  15:25  Stalker x3  
  175  15:26  Stalker x5  
  175  15:27  Stalker x4  
  199  15:32  Protoss Air Weapons Level 1  
  169  16:02  Dark Templar x3  
  169  16:03  Dark Templar x6  
  163  16:31  Nexus  
  146  16:34  Stalker  
  146  16:35  Stalker x3  
  131  17:55  Nexus  
Show
View Real Time Build Order
Export as new Build Order

Bunny Terran 

Build Orders: Reaper Expand 

Get SALT Encoding   

  12  0:00  SCV  
  13  0:12  SCV  
  14  0:17  Supply Depot  
  14  0:24  SCV  
  15  0:39  SCV  
  15  0:40  Barracks  
  16  0:43  Refinery  
  16  0:51  SCV  
  17  1:03  SCV  
  18  1:15  SCV  
  19  1:27  Reaper, Orbital Command  
  20  1:43  Command Center  
  20  1:53  SCV  
  21  1:55  Supply Depot  
  21  2:00  Barracks Reactor  
  21  2:05  SCV  
  22  2:17  SCV  
  22  2:20  Bunker  
  23  2:29  Command Center  
  23  2:30  SCV  
  23  2:36  Marine x2  
  26  2:42  SCV  
  27  2:46  Barracks  
  27  2:54  SCV  
  27  2:57  Orbital Command  
  28  3:00  Marine  
  28  3:03  Orbital Command  
  29  3:06  SCV, Marine  
  31  3:18  SCV, Marine  
  33  3:24  Marine  
  34  3:28  SCV  
  34  3:30  SCV  
  34  3:32  Barracks  
  36  3:34  Barracks Tech Lab  
  36  3:36  Marine  
  36  3:40  SCV  
  38  3:42  SCV, Orbital Command, Marine  
  39  3:53  Stimpack, Marauder  
  39  3:54  SCV, Marine  
  39  3:55  SCV  
  44  3:59  Refinery, Marine  
  45  4:05  Factory  
  45  4:06  SCV  
  45  4:07  SCV  
  45  4:09  SCV  
  48  4:12  Marine  
  48  4:15  Marauder  
  51  4:17  Engineering Bay, Marine  
  51  4:19  SCV x2  
  51  4:21  SCV  
  55  4:26  Refinery  
  55  4:27  Supply Depot  
  55  4:30  Barracks Tech Lab  
  55  4:31  Marine  
  55  4:35  SCV, Marine  
  55  4:36  SCV, Marauder  
  61  4:39  Supply Depot  
  61  4:42  Bunker  
  61  4:45  Terran Infantry Weapons Level 1  
  61  4:46  Supply Depot  
  61  4:48  SCV  
  61  4:52  Marauder, Marine  
  65  4:53  Marine  
  65  4:57  Marauder  
  68  5:00  Starport  
  68  5:06  Factory Reactor  
  68  5:07  SCV x3  
  68  5:09  Supply Depot  
  71  5:15  Marauder  
  71  5:17  Marine  
  71  5:18  Marine  
  71  5:19  Marauder  
  76  5:29  Combat Shield  
  76  5:31  SCV  
  76  5:32  SCV x2  
  76  5:33  Refinery  
  74  5:48  Concussive Shells  
  74  5:49  Marauder x2, Marine x2  
  78  5:51  SCV x3  
  78  5:56  Supply Depot, Medivac  
  85  6:01  Medivac  
  85  6:03  SCV x2, Supply Depot  
  85  6:04  SCV  
  90  6:09  Widow Mine  
  89  6:15  Marauder x2, Missile Turret  
  89  6:17  Marine x2  
  93  6:21  Supply Depot  
  93  6:25  Supply Depot  
  90  6:26  Medivac  
  92  6:35  Orbital Command  
  92  6:36  Medivac  
  92  6:39  Missile Turret  
  92  6:40  Widow Mine  
  92  6:42  SCV x2  
  92  6:43  Terran Infantry Armor Level 1  
  92  6:45  Barracks x2  
  96  6:49  Marauder x2, Marine  
  96  6:51  Marine  
  96  6:54  SCV x2  
  104  7:00  SCV  
  105  7:01  Medivac  
  105  7:04  Refinery  
  105  7:06  Medivac  
  105  7:08  Supply Depot  
  109  7:11  SCV x2, Widow Mine  
  109  7:12  SCV  
  109  7:14  Supply Depot  
  116  7:15  Marauder  
  116  7:19  Marauder  
  116  7:21  Marine x2  
  120  7:25  Armory  
  120  7:26  SCV x3  
  123  7:34  Refinery  
  123  7:35  Barracks Reactor, Barracks Tech Lab  
  123  7:37  Factory Reactor  
  123  7:42  Marauder x2  
  124  7:46  Marine x2  
  122  7:54  Medivac x2  
  122  7:55  Marauder  
  113  8:01  SCV x3  
  113  8:03  Marauder x2  
  113  8:04  Marine x2  
  115  8:07  Starport  
  115  8:12  Marine x2  
  111  8:16  Marauder, Widow Mine x2  
  111  8:18  SCV x3  
  120  8:22  Marine x2  
  120  8:24  Marauder  
  120  8:25  Marauder  
  126  8:29  Terran Ship Weapons Level 1, Supply Depot  
  126  8:30  Marine  
  126  8:31  Marine  
  126  8:33  Command Center  
  128  8:37  Terran Infantry Weapons Level 2  
  128  8:39  Marauder  
  128  8:40  Missile Turret  
  130  8:45  Marine  
  130  8:46  Marauder x2, Marine  
  130  8:48  Marine  
  137  8:49  Marine  
  137  8:52  Supply Depot  
  137  8:53  Supply Depot  
  137  8:55  Viking  
  140  8:56  Viking  
  140  9:01  Viking x2  
  146  9:03  SCV x3  
  146  9:07  Supply Depot  
  149  9:10  Sensor Tower  
  149  9:17  Marauder x3  
  149  9:19  Missile Turret  
  153  9:25  Viking  
  153  9:26  Viking  
  153  9:29  Ghost Academy  
  153  9:39  SCV x3  
  153  9:41  Sensor Tower  
  153  9:42  Missile Turret, Marauder x3, Marine  
  162  9:49  Planetary Fortress  
  162  9:51  Marine x3  
  165  9:56  SCV x3  
  165  9:58  Refinery  
  168  10:00  Engineering Bay  
  166  10:15  Ghost  
  166  10:16  Ghost x2  
  172  10:21  Barracks  
  172  10:22  Barracks  
  172  10:24  Terran Ship Weapons Level 2  
  172  10:25  Barracks  
  172  10:26  Terran Infantry Armor Level 2  
  171  10:39  Refinery  
  171  10:44  Enhanced Shockwaves, Ghost x2  
  171  10:46  Marine x2  
  171  10:47  Marine x2  
  178  10:52  Command Center  
  178  10:54  Ghost  
  180  11:10  Viking x2  
  183  11:12  Ghost, Barracks Tech Lab  
  183  11:13  Ghost, Marine  
  183  11:15  Supply Depot  
  183  11:16  Barracks Tech Lab  
  183  11:17  Barracks Reactor  
  188  11:24  Marine  
  188  11:25  Marine x2  
  188  11:26  Supply Depot  
  188  11:27  Missile Turret x2  
  187  11:36  Ghost x2  
  191  11:43  Terran Infantry Weapons Level 3  
  173  11:57  Ghost x3  
  173  11:59  Marine x2  
  173  12:00  Marine x4  
  181  12:03  SCV x2, Missile Turret  
  181  12:04  SCV x2  
  185  12:12  Liberator x2  
  185  12:14  Unknown  
  191  12:16  Missile Turret  
  191  12:17  Marauder, Marine x3  
  191  12:18  Marauder  
  198  12:26  Marauder, Marine x2  
  198  12:27  Planetary Fortress  
  172  12:41  Ghost x3  
  172  12:43  Marine  
  172  12:44  Marine x4  
  177  12:45  Marauder  
  177  12:49  Marine x2  
  151  13:01  Marine  
  135  13:07  Marauder x2  
  135  13:09  Marine x2  
  135  13:10  Marauder x3  
  135  13:12  Medivac x2  
  137  13:21  Marine x3  
  137  13:25  SCV x3  
  144  13:27  SCV, Ghost  
  144  13:28  Ghost  
  144  13:31  Ghost  
  144  13:34  Terran Infantry Armor Level 3  
  150  13:48  Ghost x2  
  150  13:49  Marine  
  150  13:50  Marine x5  
  150  13:55  Armory  
  160  13:56  Ghost  
  160  14:02  Liberator  
  164  14:04  Liberator  
  164  14:06  Marauder x2  
  171  14:17  Ghost x2  
  169  14:19  Marine x3  
  169  14:20  Marine x2  
  169  14:21  Marine  
  178  14:24  Medivac  
  178  14:26  Medivac  
  182  14:31  Neosteel Armor  
  182  14:38  Supply Depot, Marauder  
  182  14:39  Marauder  
  182  14:41  Supply Depot, Marauder, Marine  
  189  14:49  Fusion Core  
  189  14:50  Liberator  
  194  14:53  Marauder x2  
  196  15:08  Liberator  
  199  15:30  Command Center  
  199  15:40  Liberator x3  
  199  15:41  Marauder x2, Marine  
  200  15:46  Orbital Command  
  173  16:11  Marine  
  173  16:12  Marine x6  
  173  16:13  Marine  
  170  16:22  Missile Turret  
  170  16:23  Missile Turret  
  128  16:40  Orbital Command  
  128  16:45  Missile Turret  
  128  16:46  Missile Turret  
  125  16:47  Missile Turret  
  123  17:02  Orbital Command  
  96  17:39  Orbital Command  
  89  17:56  Supply Depot  
  89  17:57  Supply Depot  
  89  17:58  Supply Depot  
Tags
 
Add a new tag
Caveats
  • Supply blocks, unpowered buildings, or Contaminate may cause inaccurate times.
  • Supply counts are checked every 10 seconds.